 Dungeon Crawl Stone Soup version 0.29.1-1-gd02db69 (webtiles) character file.

Game seed: 3371625518572890981

69602 Timinator the Martial Artist (level 14, -1/141 HPs)
             Began as a Demigod Transmuter on Dec 20, 2022.
             Slain by an orc warlord
             ... wielding a +1 war axe of venom
              (12 damage)
             ... on level 1 of the Orcish Mines.
             The game lasted 02:49:18 (20594 turns).

Timinator the Martial Artist (Demigod Transmuter)  Turns: 20594, Time: 02:49:19

Health: -1/141     AC:  8    Str: 19    XL:     14   Next: 49%
Magic:  36/37      EV: 22    Int: 17    God:
Gold:   1622       SH:  0    Dex: 24    Spells: 21/27 levels left

rFire   . . .      SeeInvis .     - Unarmed
rCold   + + +      Faith    .   (shield currently unavailable)
rNeg    . . .      Spirit   .   (body armour currently unavailable)
rPois   +          Reflect  .   (helmet currently unavailable)
rElec   .          Harm     .   (cloak currently unavailable)
rCorr   .          Rampage  .   (gloves currently unavailable)
Will    +....                   (boots currently unavailable)
Stlth   ++........              n - amulet of regeneration
HPRegen 1.13/turn               e - +4 ring of evasion
MPRegen 0.25/turn               D - ring of Kuopsake {rF+ rC+ MP+9 Int+2 Dex+2}

@: ice-form, wereblooded
A: freezing attack, amphibious, boosted hp, large, high MP 1, forlorn, divine
attributes
a: End Transformation


You were on level 1 of the Orcish Mines.
You were a creature of crystalline ice.
You visited 4 branches of the dungeon, and saw 18 of its levels.
You also visited: Gauntlet and Ice Cave.

You collected 1692 gold pieces.
You spent 70 gold pieces at shops.

Inventory:

Missiles
 h - 11 atropa-tipped darts
 y - 6 silver javelins (quivered)
 F - 6 curare-tipped darts
 G - 33 poisoned darts
Armour
 g - a +1 cloak (melded)
 j - a +1 helmet
 m - a +0 helmet (melded)
 t - the +1 pair of boots of the Armadillo (melded) {+Inv rElec}
   (You found it in an ice cave)

   rElec:     It insulates you from electricity.
   +Inv:      It lets you turn invisible.
 v - a +1 robe of resistance
 C - a +2 ring mail of willpower (melded)
 E - a +1 pair of gloves of stealth (melded)
 Q - a scarf of resistance
 Y - an orb of light
Jewellery
 b - an amulet of reflection
 e - a +4 ring of evasion (left front paw)
 f - the ring of Heheaq Wong {rF+ rC++ Str+6 Int-2}
   (You found it in an ice cave)

   [ring of strength]

   Str:       It affects your strength (+6).
   Int:       It affects your intelligence (-2).
   rF:        It protects you from fire.
   rC:        It greatly protects you from cold.
 i - a ring of flight
 n - an amulet of regeneration (around neck)
 o - a ring of see invisible
 D - the ring of Kuopsake (right front paw) {rF+ rC+ MP+9 Int+2 Dex+2}
   (You took it off an orc on level 7 of the Dungeon)

   [ring of protection from fire]

   Int:       It affects your intelligence (+2).
   Dex:       It affects your dexterity (+2).
   rF:        It protects you from fire.
   rC:        It protects you from cold.
   MP:        It affects your magic capacity (+9).
 O - a ring of wizardry
 S - a ring of poison resistance
Wands
 k - a wand of polymorph (9)
 s - a wand of flame (74)
 I - a wand of roots (4)
 M - a wand of paralysis (9)
 R - a wand of digging (15)
 V - a wand of mindburst (8)
 X - a wand of acid (7)
Scrolls
 a - 7 scrolls of teleportation
 c - 4 scrolls of enchant weapon
 d - 4 scrolls of butterflies
 p - 4 scrolls of vulnerability
 q - a scroll of amnesia
 u - 2 scrolls of fear
 w - a scroll of blinking
 H - 2 scrolls of torment
 N - a scroll of poison
Potions
 r - 2 potions of resistance
 z - 5 potions of curing
 A - a potion of attraction
 B - 4 potions of flight
 J - a potion of ambrosia
 K - 2 potions of mutation
 L - a potion of brilliance {unknown}
 P - 2 potions of cancellation
Miscellaneous
 U - a lightning rod (4/4)


   Skills:
 * Level 9.5 Fighting
 - Level 3.0 Armour
 * Level 10.4 Dodging
 + Level 13.5 Unarmed Combat
 - Level 7.0 Spellcasting
 * Level 11.9 Transmutations
 - Level 3.0 Ice Magic
 * Level 6.4 Evocations


You had 21 spell levels left.
You knew the following spells:

 Your Spells              Type           Power      Damage    Failure   Level
a - Wereblood             Tmut           46%        N/A       1%          2
c - Ice Form              Ice/Tmut       31%        N/A       5%          4

Your spell library contained the following spells:

 Spells                   Type           Power      Damage    Failure   Level
 Beastly Appendage        Tmut           92%        N/A       1%          1
 Spider Form              Tmut/Pois      26%        N/A       3%          3
 Ignite Poison            Fire/Tmut/Pois 19%        N/A       7%          3
 Ensorcelled Hibernation  Hex/Ice        22%        N/A       10%         2
 Magic Dart               Conj           20%        1d4       12%         1
 Shock                    Conj/Air       20%        1d4       12%         1
 Slow                     Hex            20%        N/A       12%         1
 Call Imp                 Summ           5%         N/A       17%         2
 Searing Ray              Conj           10%        2d4       17%         2
 Confusing Touch          Hex            5%         N/A       34%         3
 Conjure Flame            Conj/Fire      5%         6-21      34%         3
 Mephitic Cloud           Conj/Pois/Air  5%         N/A       34%         3
 Stone Arrow              Conj/Erth      10%        3d7       34%         3
 Swiftness                Air            5%         N/A       34%         3
 Vampiric Draining        Necr           5%         2d6       34%         3
 Dragon Form              Tmut           23%        N/A       58%         7
 Airstrike                Air            2%         2d(1-17)  75%         4
 Anguish                  Hex/Necr       2%         N/A       75%         4
 Animate Armour           Summ/Erth      10%        N/A       75%         4
 Cause Fear               Hex            2%         N/A       75%         4
 Fulminant Prism          Conj/Hex       2%         3d6       75%         4
 Sticky Flame             Conj/Fire      5%         2d3       75%         4
 Lehudib's Crystal Spear  Conj/Erth      2%         10d2      100%        8
 Dragon's Call            Summ           2%         N/A       100%        9


Dungeon Overview and Level Annotations

Branches:
Dungeon (10/15)            Temple (0/1) D:7            Lair (5/5) D:10
  Swamp (1/4) Lair:2       Spider (0/4) Lair:3        Slime (0/5) Lair:4
    Orc (2/2) D:10          IceCv (visited)         Gauntlet (visited)
    Elf: Orc:2

Shops:
D:3 !   D:5 [   D:6 =   Orc:1 =   Orc:2 [

Annotations:
D:10 3 runed translucent doors, Nairin's ghost, novice GrEE


Innate Abilities, Weirdness & Mutations

You are a creature of crystalline ice.
You have a powerful freezing melee attack.
You are amphibious.
Your maximum health is increased.
Your armour is entirely melded.
You are incapable of wielding weapons or throwing items.
You have an increased reservoir of magic. (+10% MP)
You shall have no god before yourself.
Your divine heritage dramatically boosts your attributes as you level up.


Message History

The orc warlord hits your orc with a +1 war axe of venom.
The orc warlord blocks your ogre's attack.
Your orc warrior hits the orc warlord with a +0 long sword!
The orc warlord blocks your orc's attack.
You feel sick.
The orc warlord completely misses your ogre.
The orc warlord hits your orc warrior with a +1 war axe of venom.
Your orc warrior is poisoned.
The orc warlord hits your orc with a +1 war axe of venom!!
Your orc dies!
Your orc's corpse dissolves into shadows!
The orc warlord blocks your orc warrior's attack.
The orc warlord blocks your ogre's attack.
You feel sick. Something hits your ogre!
Your ogre dies!
Your ogre's corpse dissolves into shadows!
Something hits your orc warrior!
Your orc warrior looks as sick as possible!
Unknown command.
You feel sick.
The orc warlord hits your orc warrior with a +1 war axe of venom!!
Your orc warrior dies!
Your orc warrior's corpse dissolves into shadows!
The orc warlord hits your orc warrior with a +1 war axe of venom!
Your orc warrior hits the orc warlord with a +0 mace.
You feel better.
The orc warlord hits your orc warrior with a +1 war axe of venom!
The orc warlord blocks your orc warrior's attack.
The orc warlord hits your orc warrior with a +1 war axe of venom!!
Your orc warrior dies!
Your orc warrior's corpse dissolves into shadows!
The orc warlord hits you with a +1 war axe of venom!
* * * LOW HITPOINT WARNING * * *
You hit the orc warlord. You freeze the orc warlord.
The orc warlord is almost dead.
The orc warlord hits you with a +1 war axe of venom!
* * * LOW HITPOINT WARNING * * *
The orc warlord attacks as you move away!
The orc warlord hits you with a +1 war axe of venom!
You die...

##...........#......[##
#.....................# ###
##.#.............[...##
##.###................[..##
#..............#....#.#.## #
##.......................##
####...........^........#...##
#.#.............o#...........##
...............oY...........^.#
#............[[[.o.........#.##
....∩........[>[...[..........#
#........#...[)...........##.###
..........#..............#####.##
...........)..............#.#...#
...................>...........##
..............................##
............................#####


You could see an orc warlord (ally target) and 2 friendly orcs.

Vanquished Creatures
  Gastronok (Lair:1)
  2 azure jellies (IceCv)
  2 quicksilver oozes (IceCv)
  A minotaur (Gauntlet)
  7 hydras
  3 two-headed ogres
  An alligator (Swamp:1)
  8 death yaks
  2 orc high priests
  2 goliath frogs
  Pikel (D:9)
  2 bog bodies (Swamp:1)
  An orc knight (Orc:1)
  2 wizards (Gauntlet)
  A swamp dragon (Swamp:1)
  2 orc sorcerers (Orc:1)
  A cyclops (D:7)
  An oklob plant (Lair:5)
  3 ice statues (IceCv)
  The ghost of OSAMASBALLS the Chopper, a novice NaFi of Cheibriados (D:5)
  9 elephants (Lair:5)
  25 cane toads
  2 torpor snails
  7 komodo dragons
  2 rime drakes
  5 tyrant leeches
  A troll (Orc:1)
  5 hornets
  10 slime creatures (IceCv)
  23 blink frogs
  22 dream sheep
  3 centaur simulacra (Gauntlet)
  A ynoxinul (Gauntlet)
  Sigmund (D:2)
  4 wyverns
  4 spriggans (Swamp:1)
  19 yaks
  3 fire bats (Lair:2)
  Grum (Lair:1)
  A redback (Lair:3)
  4 basilisks
  Edmund (D:4)
  5 vampire mosquitoes (Lair:5)
  4 swamp worms (Swamp:1)
  6 wargs
  14 water moccasins
  19 orc warriors
  A sky beast (D:6)
  An ice beast (D:7)
  6 ogres
  A great orb of eyes simulacrum (IceCv)
  15 wolves
  6 centaurs
  6 phantoms
  3 slime creature simulacra (IceCv)
  5 kobold brigands
  14 bullfrogs
  A gnoll sergeant (D:6)
  3 scorpions
  A cane toad simulacrum (Gauntlet)
  4 wights
  2 glowing shapeshifter simulacra (IceCv)
  10 killer bees
  4 howler monkeys
  10 electric eels
  5 hounds
  7 jellies
  9 orc priests
  A gnoll bouda (Lair:4)
  3 iron imps (Gauntlet)
  2 iguanas (D:4)
  Natasha (thrice) (D:2)
  18 orc wizards
  3 shapeshifter simulacra (IceCv)
  Robin (D:2)
  6 adders
  4 gnolls
  3 shadow imps
  2 white imps
  3 dart slugs
  3 worms
  57 orcs
  6 ball pythons
  3 bats
  8 endoplasms
  6 giant cockroaches
  13 goblins
  9 hobgoblins
  6 jackals
  32 kobolds
  3 quokkas
  4 frilled lizards
  5 rats
  A butterfly (Lair:2)
564 creatures vanquished.

Vanquished Creatures (others)
  An angel (D:7)
  A bloated husk (Swamp:1)
  A hornet (Swamp:1)
  A slime creature (IceCv)
  An orc wizard (D:10)
  32 fungi
  96 plants
133 creatures vanquished.

Grand Total: 697 creatures vanquished

Notes
Turn   | Place    | Note
-------+----------+-------------------------------------------
     0 | D:1      | Timinator the Demigod Transmuter began the quest for the
                  | Orb.
     0 | D:1      | Reached XP level 1. HP: 15/15 MP: 5/5
     2 | D:1      | Noticed an elf
     2 | D:1      | Noticed an octopode
     4 | D:1      | Noticed a human
     6 | D:1      | Noticed a vine stalker
     6 | D:1      | Noticed a gargoyle
     8 | D:1      | Noticed a formicid
     8 | D:1      | Noticed a demigod
    10 | D:1      | Noticed a troll
    10 | D:1      | Noticed a vampire
    12 | D:1      | Noticed a meteoran
    12 | D:1      | Noticed a palentonga
    14 | D:1      | Noticed an ogre
    14 | D:1      | Noticed a naga
    16 | D:1      | Noticed a minotaur
    16 | D:1      | Noticed a spriggan
    18 | D:1      | Noticed a ghoul
    18 | D:1      | Noticed a demonspawn
    20 | D:1      | Noticed a merfolk
    20 | D:1      | Noticed a felid
    22 | D:1      | Noticed a draconian
    26 | D:1      | Noticed a tengu
    26 | D:1      | Noticed a spriggan
    28 | D:1      | Noticed a minotaur
   242 | D:1      | Reached skill level 1 in Fighting
   402 | D:1      | Reached XP level 2. HP: 23/23 MP: 7/7
   414 | D:1      | Learned a level 2 spell: Wereblood
   558 | D:1      | Reached skill level 3 in Unarmed Combat
   940 | D:1      | Reached XP level 3. HP: 25/28 MP: 6/8
  1382 | D:2      | Noticed Natasha
  1396 | D:2      | Killed Natasha
  1572 | D:2      | Noticed Robin
  1576 | D:2      | Noticed Sigmund
  1583 | D:2      | Killed Robin
  1584 | D:2      | Reached XP level 4. HP: 24/35 MP: 6/9
  2282 | D:3      | Reached skill level 1 in Armour
  2534 | D:2      | Noticed Natasha
  2535 | D:2      | Killed Sigmund
  2536 | D:2      | Reached XP level 5. HP: 28/41 MP: 8/11
  2545 | D:2      | Killed Natasha
  3097 | D:2      | Noticed Natasha
  3110 | D:2      | Killed Natasha
  3111 | D:2      | Reached XP level 6. HP: 34/48 MP: 12/12
  3281 | D:3      | Found Uphiath's Distillery.
  3298 | D:3      | Bought a potion of berserk rage for 70 gold pieces
  3794 | D:4      | Noticed Edmund
  3810 | D:4      | Killed Edmund
  3811 | D:4      | Reached skill level 4 in Unarmed Combat
  3811 | D:4      | Reached XP level 7. HP: 55/55 MP: 12/14
  4377 | D:4      | Learned a level 4 spell: Ice Form
  4462 | D:5      | Entered Level 5 of the Dungeon
  4479 | D:5      | Found a runed translucent door.
  4483 | D:5      | Noticed OSAMASBALLS's ghost (novice NaFi)
  4728 | D:5      | Reached XP level 8. HP: 60/63 MP: 14/16
  4880 | D:5      | Found Noitosch's Armour Boutique.
  5080 | D:5      | Killed OSAMASBALLS's ghost
  5081 | D:5      | Reached skill level 5 in Unarmed Combat
  5081 | D:5      | Reached skill level 5 in Transmutations
  5488 | D:6      | Found Tyiroxur's Jewellery Shoppe.
  6306 | D:7      | Noticed an angel
  6358 | D:7      | Reached XP level 9. HP: 65/71 MP: 18/18
  6446 | D:7      | Reached skill level 6 in Unarmed Combat
  6449 | D:7      | Paralysed by a hornet for 1 turns
  6810 | D:7      | Killed an angel
  6955 | D:7      | Found a staircase to the Ecumenical Temple.
  6979 | D:7      | Reached skill level 5 in Dodging
  7242 | D:7      | Identified the ring of Kuopsake {rF+ rC+ MP+9 Int+2 Dex+2}
  7536 | D:7      | Noticed a cyclops
  7536 | D:7      | Noticed a two-headed ogre
  7544 | D:7      | Reached skill level 5 in Fighting
  7549 | D:7      | Killed a cyclops
  7550 | D:7      | Reached skill level 5 in Spellcasting
  7553 | D:7      | Killed a two-headed ogre
  7554 | D:7      | Reached skill level 7 in Unarmed Combat
  7554 | D:7      | Reached skill level 1 in Ice Magic
  7554 | D:7      | Reached XP level 10. HP: 81/81 MP: 21/21
  7887 | D:7      | Identified the +0 rapier of Uskayaw's Regard {vorpal, rPois
                  | Dex+4 SInv}
  8894 | D:9      | Noticed a two-headed ogre
  8911 | D:9      | Killed a two-headed ogre
  9081 | D:9      | Noticed Pikel
  9099 | D:9      | Killed Pikel
  9781 | D:9      | Noticed a two-headed ogre
  9797 | D:9      | Killed a two-headed ogre
  9841 | D:9      | Reached skill level 8 in Unarmed Combat
  9978 | D:10     | Entered Level 10 of the Dungeon
 10101 | D:10     | Found a staircase to the Lair.
 10120 | D:10     | Found a runed translucent gate.
 10120 | D:10     | Noticed a cyclops
 10132 | D:10     | Noticed a two-headed ogre
 10133 | D:10     | Found a runed translucent gate.
 10133 | D:10     | Found a runed translucent gate.
 10133 | D:10     | Noticed Nairin's ghost (novice GrEE)
 10135 | D:10     | Noticed a fire dragon
 10198 | D:10     | Reached XP level 11. HP: 75/89 MP: 23/23
 10824 | D:10     | Found a staircase to the Orcish Mines.
 11218 | Lair:1   | Entered Level 1 of the Lair of Beasts
 11277 | Lair:1   | Noticed a death yak
 11278 | Lair:1   | Noticed a death yak
 11301 | Lair:1   | Killed a death yak
 11306 | Lair:1   | Killed a death yak
 11421 | Lair:1   | Found a gate leading to a gauntlet.
 11435 | Gauntlet | Entered a Gauntlet
 11435 | Gauntlet | Noticed a catoblepas
 11435 | Gauntlet | Found a transporter.
 11435 | Gauntlet | Found a transporter.
 11437 | Gauntlet | Found a transporter.
 11438 | Gauntlet | Found a transporter.
 11440 | Gauntlet | Found a transporter.
 11446 | Gauntlet | Found a transporter.
 11448 | Gauntlet | Found a transporter.
 11449 | Gauntlet | Found a transporter.
 11451 | Gauntlet | Found a transporter.
 11451 | Gauntlet | Noticed a wizard
 11454 | Gauntlet | Noticed a green death
 11455 | Gauntlet | Noticed a wizard
 11479 | Gauntlet | Found a transporter.
 11522 | Gauntlet | Found a transporter.
 11542 | Gauntlet | Found a transporter.
 11673 | Gauntlet | Reached skill level 9 in Unarmed Combat
 11700 | Gauntlet | Identified the +1 scale mail of Intuition {rPois rCorr
                  | SInv}
 11774 | Gauntlet | Killed a wizard
 11785 | Gauntlet | Killed a wizard
 11877 | Gauntlet | Identified the +8 falchion of Gluttony {drain, rElec rPois
                  | rCorr Str+4}
 11877 | Gauntlet | Identified the +0 ring mail of Wu Jian's Indignation {Harm
                  | *Corrode rN++ SInv}
 11877 | Gauntlet | Noticed a minotaur
 11887 | Gauntlet | Killed a minotaur
 11951 | Gauntlet | Got the Encyclopedia of Transmutation and Blight
 11990 | Lair:1   | Noticed a four-headed hydra
 12000 | Lair:1   | Killed a four-headed hydra
 12015 | Lair:1   | Noticed Grum
 12025 | Lair:1   | Killed Grum
 12112 | Lair:1   | Noticed a four-headed hydra
 12121 | Lair:1   | Killed a four-headed hydra
 12122 | Lair:1   | Reached skill level 1 in Evocations
 12238 | Lair:1   | Noticed Gastronok
 12396 | Lair:1   | Killed Gastronok
 12453 | Lair:1   | Reached XP level 12. HP: 100/100 MP: 26/26
 12744 | Lair:1   | Reached skill level 10 in Unarmed Combat
 13252 | Lair:2   | Found a frozen archway.
 13272 | IceCv    | Entered an ice cave
 13474 | IceCv    | Reached skill level 10 in Transmutations
 13508 | IceCv    | Noticed a quicksilver ooze
 13519 | IceCv    | Killed a quicksilver ooze
 13658 | IceCv    | Noticed a quicksilver ooze
 13665 | IceCv    | Killed a quicksilver ooze
 13717 | IceCv    | Noticed an azure jelly
 13719 | IceCv    | Noticed an azure jelly
 13740 | IceCv    | Killed an azure jelly
 13748 | IceCv    | Killed an azure jelly
 13749 | IceCv    | Reached skill level 11 in Unarmed Combat
 13853 | IceCv    | Identified the ring of Heheaq Wong {rF+ rC++ Str+6 Int-2}
 13856 | IceCv    | Identified the +1 pair of boots of the Armadillo {+Inv
                  | rElec}
 14256 | Lair:2   | Found a staircase to the Swamp.
 15098 | Lair:3   | Found a hole to the Spider Nest.
 15249 | Lair:3   | Reached XP level 13. HP: 107/107 MP: 27/27
 16613 | Lair:4   | Found a runed translucent door.
 16619 | Lair:4   | Found a staircase to the Slime Pits.
 16837 | Lair:4   | Reached skill level 12 in Unarmed Combat
 17027 | Lair:3   | Reached skill level 5 in Evocations
 17264 | Lair:5   | Entered Level 5 of the Lair of Beasts
 17887 | Lair:5   | Reached XP level 14. HP: 88/118 MP: 28/28
 18020 | Lair:5   | Reached skill level 10 in Dodging
 18020 | Lair:5   | Reached skill level 13 in Unarmed Combat
 18741 | Swamp:1  | Entered Level 1 of the Swamp
 19618 | Orc:1    | Entered Level 1 of the Orcish Mines
 19744 | Orc:1    | Found Yhen's Jewellery Emporium.
 19948 | Orc:2    | Entered Level 2 of the Orcish Mines
 20075 | Orc:2    | Found Evisufoz's Antique Armour Shoppe.
 20165 | Orc:1    | Paralysed by an orc sorcerer for 5 turns
 20554 | Orc:2    | Noticed an orc warlord
 20594 | Orc:1    | Slain by an orc warlord

Illustrated notes

Levels and vault maps discovered:
D:1:      kb_arrival_jail, layout_basic, hellmonk_ecumenical_altar_heavens_door
D:2:      layout_basic, guppyfry_early_lair_pool, uniq_natasha, uniq_robin,
          uniq_sigmund
D:3:      layout_rooms, serial_shops, shop, chequers_avenue
D:4:      layout_loops_ring, uniq_edmund
D:5:      layout_rooms, ebering_ghost_inner_flame, serial_shops, shop
D:6:      layout_basic, lemuel_doored_altar, kennysheep_big_empty_room,
          chequers_serial_rivers_micro_c, chequers_serial_rivers_micro_a,
          kennysheep_windowed_goal
D:7:      nzn_winding_woodlands_three_and_one
          [nzn_winding_woodlands_5x15_sawtooth,
          nzn_winding_woodlands_5x15_split_checker,
          nzn_winding_woodlands_5x15_jagged,
          nzn_winding_woodlands_center_lodge], layout_cave_pools,
          grunt_temple_overflow_order_and_chaos_1,
          minmay_temple_entry_gardened_gates
D:8:      layout_basic, nicolae_overflow_two_pavilions, bh_walls_and_bars
D:9:      layout_loops_corners, mainiacjoe_overflow_surrounded_room, uniq_pikel
D:10:     layout_long_grid, erik_lair_orcish_takeover, erik_orc_2,
          gammafunk_ghost_split
Lair:1:   layout_long_grid, gauntlet_entry_generic, uniq_gastronok, uniq_grum
Lair:2:   layout_cave_pods, minmay_swamp_entry_eels,
          portal_ice_cave_entry_pillars_2, nicolae_volcano_entry_batcave,
          lemuel_fruit_fields
Lair:3:   layout_chaotic_city, spider_nest_entry_webs, st_stairs_11
Lair:4:   layout_big_grid, slime_entry_2, dreamdust_gnoll_shepherd
Lair:5:   minmay_lair_end_frog_pond, layout_concentric_octagons, basic_altar,
          serial_bayou_shore_b
Swamp:1:  layout_falls_marsh, evilmike_swamp_ruin_rubble_2,
          infiniplex_staircase_pool_2
Orc:1:    layout_caves, serial_shops, shop
Orc:2:    grunt_orc_gardens, layout_diamond_mine, grunt_orc_garden,
          grunt_orc_garden, grunt_orc_garden, grunt_orc_garden,
          minmay_shop_mayhem, uniq_erolcha

Skill      XL: |  1  2  3  4  5  6  7  8  9 10 11 12 13 14 |
---------------+-------------------------------------------+-----
Fighting       | 1 2 3 4 5 6 7 8 9 |  9.5
Dodging        | 2 3 4 5 6 7 8 9 10 | 10.4
Transmutations | 2 3 4 5 7 8 9 10 11 | 11.9
Unarmed Combat | 3 4 5 7 8 9 11 12 13 | 13.5
Spellcasting   | 2 3 4 5 6 7 |  7.0
Armour         | 1 2 3 |  3.0
Ice Magic      | 1 3 |  3.0
Evocations     | 1 4 5 6 |  6.4

Action                   |  1- 3 |  4- 6 |  7- 9 | 10-12 | 13-15 || total
-------------------------+-------+-------+-------+-------+-------++-------
Melee: Unarmed           |    77 |   187 |   344 |   736 |   685 ||  2029
       Kick              |    18 |    46 |   102 |   150 |       ||   316
       Headbutt          |     9 |    29 |    77 |    89 |       ||   204
       Punch             |     1 |     2 |    10 |    33 |    25 ||    71
Throw: Javelin           |       |       |     1 |     1 |       ||     2
       Dart              |       |       |       |     1 |       ||     1
 Cast: Beastly Appendage |    19 |    31 |    41 |    45 |       ||   136
       Wereblood         |     1 |     7 |    21 |    42 |    51 ||   122
       Ice Form          |       |       |       |    32 |    38 ||    70
Evoke: Wand              |       |     1 |       |     2 |     2 ||     5
       Lightning rod     |       |       |       |     2 |       ||     2
  Use: Potion            |     1 |     1 |     3 |    12 |     7 ||    24
       Scroll            |       |     6 |     2 |    17 |     8 ||    33
 Stab: Sleeping          |     2 |     2 |     1 |     2 |     1 ||     8
       Distracted        |       |     2 |       |       |       ||     2
Armor: Robe              |     6 |    13 |    21 |       |       ||    40
       Leather armour    |     5 |    10 |       |       |       ||    15
       Skin              |    19 |     4 |    12 |   118 |   106 ||   259
       Ring mail         |       |       |    22 |    81 |    48 ||   151
Dodge: Dodged            |    41 |    84 |   193 |   506 |   607 ||  1431
Block: Other             |     4 |    43 |    36 |       |       ||    83
       Reflection        |       |     1 |     2 |       |       ||     3
